 Dungeon Crawl Stone Soup version 0.27.1-35-g4d5d836560 (webtiles) character file.

Game seed: 2337486710543353949

24 Delamore the Sneak (level 3, 0/24 HPs)
             Began as an Octopode Brigand on June 4, 2022.
             Slain by a gnoll (8 damage)
             ... on level 1 of the Dungeon.
             The game lasted 00:01:13 (1079 turns).

Delamore the Sneak (Octopode Brigand)               Turns: 1079, Time: 00:01:14

Health: 0/24       AC:  1    Str: 10    XL:     3   Next: 2%
Magic:  3/3        EV: 13    Int: 13    God:
Gold:   36         SH:  0    Dex: 20    Spells: 2/2 levels left

rFire    . . .     SeeInvis .   a - +2 dagger
rCold    . . .     Faith    .   (no shield)
rNeg     . . .     Spirit   .   (helmet restricted)
rPois    .         Reflect  .   (no amulet)
rElec    .         Harm     .   e - +6 ring of dexterity
rCorr    .         Rampage  .   h - ring of wizardry
Will     .....                  (no ring)
Stlth    ++++......             (no ring)
HPRegen  0.08/turn              (no ring)
MPRegen  0.08/turn              (no ring)
                                (no ring)
                                (no ring)

@: no status effects
A: almost no armour, amphibious, 8 rings, camouflage 1, gelatinous body 1,
(nimble swimmer 1), tentacles
a: no special abilities


You were on level 1 of the Dungeon.
You visited 1 branch of the dungeon, and saw 2 of its levels.

You collected 36 gold pieces.

Inventory:

Hand Weapons
 a - a +2 dagger (weapon)
Missiles
 b - 6 poisoned darts
 c - a curare-tipped dart (quivered)
 j - 40 stones
Jewellery
 e - a +6 ring of dexterity (left tentacle)
 h - a ring of wizardry (right tentacle)
Scrolls
 f - a scroll of teleportation {unknown}
 g - a scroll of identify {unknown}
Potions
 d - 2 potions of degeneration {unknown}
 i - a potion of invisibility {unknown}


   Skills:
 - Level 2.0 Fighting
 * Level 3.0 Short Blades
 + Level 2.4 Throwing
 - Level 1.0 Dodging
 - Level 5.3 Stealth


You had 2 spell levels left.
You didn't know any spells.
Your spell library was empty.

Dungeon Overview and Level Annotations

Branches:
Dungeon (2/15)

Altars:


Innate Abilities, Weirdness & Mutations

You cannot wear most types of armour.
You are amphibious.
You can wear up to eight rings at the same time.
Your skin changes colour to match your surroundings (Stealth+).
Your rubbery body absorbs attacks. (AC +1, EV +1)
((You are camouflaged near water. (Stealth+)))
You have tentacles for arms and can constrict up to eight enemies at once.


Message History

The rat bites you.
* * * LOW HITPOINT WARNING * * *
The rat twitches its whiskers.
You see here a +0 club.
Throw: 8 darts (poison)
Press: ? - help, Q - select action, (/) - cycle Shift-Dir - straight line, f - gnoll
Aim: a gnoll, wielding a +0 flail (68% to hit)
You throw a poisoned dart. The poisoned dart hits the rat.
The rat is poisoned.
The rat closely misses you.
Throw: 7 darts (poison)
Press: ? - help, Q - select action, (/) - cycle Shift-Dir - straight line, f/p - gnoll
Aim: a gnoll, wielding a +0 flail (68% to hit)
You throw a poisoned dart. The poisoned dart hits the rat.
The rat looks even sicker.
You kill the rat!
Throw: 2 darts (curare)
Press: ? - help, Q - select action, (/) - cycle Shift-Dir - straight line, f/p - gnoll
Aim: a gnoll, wielding a +0 flail (68% to hit)
You throw a curare-tipped dart.
The curare-tipped dart closely misses the gnoll.
Throw: dart (curare)
Press: ? - help, Q - select action, (/) - cycle Shift-Dir - straight line, f/p - gnoll
Aim: a gnoll, wielding a +0 flail (68% to hit)
You throw a curare-tipped dart.
The curare-tipped dart barely misses the gnoll.
The gnoll barely misses you. The gnoll closely misses you.
Things that are here:
a poisoned dart; a rat corpse You see here 2 curare-tipped darts.
c - 2 curare-tipped darts Throw: 2 darts (curare)
Press: ? - help, Q - select action, (/) - cycle Shift-Dir - straight line, f/p - gnoll
Aim: a gnoll, wielding a +0 flail (68% to hit)
You throw a curare-tipped dart. The curare-tipped dart hits the gnoll.
The gnoll is poisoned.
The gnoll convulses.
The gnoll seems to slow down.
The gnoll is moderately wounded.
The gnoll hits you with a +0 flail!
You die...

###.# #.# #...# ##.## #.#
#.### ..## ##.## #.#
.###########...## #g#
................# #)#
##.###.###.#...##########.#
##.# #.# #.##.###.........#
##.# #.###.##.###.#########
##.# #......(..g@.# ##.#
#####.##.#####
#.#######.##.#
#.........##.#
#############.# .......#
#.# #.####.######.#
#.#........##.#
#.#.##.###.##.##


You could see a gnoll (very poisoned, slow).

Vanquished Creatures
  2 ball pythons (D:1)
  3 endoplasms (D:1)
  A goblin (D:1)
  5 hobgoblins (D:1)
  5 kobolds (D:1)
  A quokka (D:1)
  A bat (D:1)
  A frilled lizard (D:1)
  2 rats (D:1)
21 creatures vanquished.

Notes
Turn   | Place    | Note
-------+----------+-------------------------------------------
     0 | D:1      | Delamore the Octopode Brigand began the quest for the Orb.
     0 | D:1      | Reached XP level 1. HP: 14/14 MP: 1/1
   186 | D:1      | Reached XP level 2. HP: 19/19 MP: 2/2
   676 | D:1      | Reached XP level 3. HP: 24/24 MP: 3/3
  1079 | D:1      | Slain by a gnoll

Illustrated notes

Levels and vault maps discovered:
D:1:      beargit_arrival_greenhouse, layout_loops_corners
D:2:      layout_rooms, serial_shops, nicolae_shop_crystal, st_stairs_12,
          minmay_door_square, grunt_ministairs_8

Skill      XL: |  1  2 |
---------------+-------+-----
Short Blades   | 3 |  3.0
Fighting       | |  2.0
Throwing       | |  2.4
Dodging        | |  1.0
Stealth        | |  5.3

Action                   || total
-------------------------++-------
Melee: Dagger            ||    27
       Constrict         ||     4
       Tentacles         ||     3
Throw: Stone             ||     3
       Dart              ||     5
 Stab: Sleeping          ||    10
       Distracted        ||     1
Dodge: Dodged            ||    16
